 Dungeon Crawl Stone Soup version 0.21.0-25-ge575cb9 (webtiles) character file.

147 komo4ek the Charlatan (level 5, -2/37 HPs)
             Began as a Human Artificer on Jan 24, 2018.
             Slain by Natasha (3 damage)
             ... on level 3 of the Dungeon.
             The game lasted 00:06:19 (3580 turns).

komo4ek the Charlatan (Human Artificer)             Turns: 3580, Time: 00:06:20

Health: -2/37      AC:  9    Str: 12    XL:     5   Next: 54%
Magic:  9/9        EV:  5    Int: 13    God:
Gold:   126        SH:  0    Dex: 13    Spells: 4/4 levels left

rFire    . . .     SeeInvis +   u - +2 hand axe (flame)
rCold    . . .     Gourm    .   (no shield)
rNeg     . . .     Faith    .   v - +0 chain mail
rPois    .         Spirit   .   (no helmet)
rElec    .         Reflect  .   h - +0 cloak
rCorr    .         Harm     .   (no gloves)
MR       .....                  (no boots)
Stlth    ..........             (no amulet)
HPRegen  0.12/turn              m - ring of see invisible
MPRegen  0.11/turn              x - ring of wizardry

@: slowed, very slow
A: no striking features
a: no special abilities


You were on level 3 of the Dungeon.
You were not hungry.

You visited 1 branch of the dungeon, and saw 3 of its levels.

You collected 126 gold pieces.

Inventory:

Hand Weapons
 a - a +0 short sword
 u - a +2 hand axe of flaming (weapon)
Missiles
 i - 5 needles of sleeping
 s - 5 tomahawks (quivered)
 y - 6 arrows
Armour
 b - a +0 leather armour
 h - a +0 cloak (worn)
 v - a +0 chain mail (worn)
Jewellery
 m - a ring of see invisible (left hand)
 x - a ring of wizardry (right hand)
Wands
 d - a wand of enslavement (15)
 e - a wand of random effects (13)
Scrolls
 g - a scroll of teleportation {unknown}
 j - 2 scrolls of remove curse {unknown}
 l - 2 scrolls of identify {unknown}
 p - a scroll of blinking {unknown}
 r - a scroll of fog {unknown}
 w - a scroll of magic mapping {unknown}
Potions
 k - a potion of degeneration {unknown}
 n - a potion of resistance {unknown}
 o - a potion of curing {unknown}
 q - a potion of brilliance {unknown}
Comestibles
 f - 6 rations


   Skills:
 - Level 1.0 Fighting
 - Level 1.0 Short Blades
 - Level 2.0 Dodging
 - Level 1.0 Stealth
 + Level 5.8 Evocations


You had 4 spell levels left.
You didn't know any spells.

Dungeon Overview and Level Annotations

Branches:
Dungeon (3/15)

Altars:
Ashenzari

Annotations:
D:3 Natasha


Message History

Natasha growls.
Natasha claws you but does no damage.
Evoke which item? (* to show all) (? for menu, Esc to quit)
Aiming: Throw Flame
Press: ? - help, Shift-Dir - straight line, f/p - Natasha
Aim: Natasha (severely wounded)
The puff of flame misses Natasha.
The now-empty wand crumbles to dust.
Natasha claws you but does no damage. x2
Evoke which item? (* to show all) (? for menu, Esc to quit)
Aiming: Random Effects
Press: ? - help, Shift-Dir - straight line, f/p - Natasha
Aim: Natasha (severely wounded) Natasha struggles to resist.
Natasha claws you.
* * * LOW HITPOINT WARNING * * *
Evoke which item? (* to show all) (? for menu, Esc to quit)
Aiming: Random Effects
Press: ? - help, Shift-Dir - straight line, f/p - Natasha
Aim: Natasha (severely wounded)
The bolt of poison misses Natasha.
Natasha claws you.
You die...

.# #...# .#
##.##########
.#
#>.##......#
.#
##.##.####.#
.#
#.##.####.#
#..
#......##.#
#.##.#.##.#
...##.#.##.#
###.##...@..#
..####h####
.## #......h.
.. ...#####.
.. .###. ..
.. .. .#. ...
..# ... . .


You could see Natasha.

Vanquished Creatures
  A centaur zombie (D:3)
  Natasha (D:3)
  2 adders (D:3)
  An ooze (D:1)
  A worm (D:2)
  3 dart slugs
  An orc (D:3)
  7 bats
  2 giant cockroaches (D:2)
  7 goblins
  6 hobgoblins
  4 jackals (D:2)
  6 kobolds (D:1)
  2 quokkas
  4 ball pythons
  3 frilled lizards (D:1)
  6 rats
57 creatures vanquished.

Notes
Turn   | Place    | Note
-------+----------+-------------------------------------------
     0 | D:1      | komo4ek the Human Artificer began the quest for the Orb.
     0 | D:1      | Reached XP level 1. HP: 15/15 MP: 3/3
   396 | D:1      | Reached XP level 2. HP: 19/21 MP: 4/4
   798 | D:1      | Reached skill level 4 in Evocations
   798 | D:1      | Reached XP level 3. HP: 25/26 MP: 4/6
  1852 | D:2      | Found a shattered altar of Ashenzari.
  1922 | D:2      | Reached XP level 4. HP: 23/32 MP: 7/7
  2638 | D:3      | Reached skill level 5 in Evocations
  2821 | D:3      | Reached XP level 5. HP: 14/37 MP: 7/9
  3011 | D:3      | Noticed Natasha
  3344 | D:3      | Killed Natasha
  3563 | D:3      | Noticed Natasha
  3579 | D:3      | HP: 1/37 [Natasha (1)]
  3580 | D:3      | Slain by Natasha

Skill      XL: |  1  2  3  4 |
---------------+-------------+-----
Evocations     | 4 5 |  5.8
Fighting       | |  1.0
Short Blades   | |  1.0
Dodging        | |  2.0
Stealth        | |  1.0

Action                   |  1- 3 |  4- 6 || total
-------------------------+-------+-------++-------
Melee: Short sword       |   195 |    59 ||   254
       Hand axe          |       |    24 ||    24
Throw: Tomahawk          |       |     4 ||     4
Evoke: Wand              |     5 |    12 ||    17
 Stab: Sleeping          |     1 |       ||     1
  Eat: Chunk             |     3 |     2 ||     5
       Ration            |       |     1 ||     1
Armor: Leather armour    |    62 |    21 ||    83
       Chain mail        |       |    19 ||    19
Dodge: Dodged            |   150 |    54 ||   204
